AoeStats
← Crazy_Owl

Four Lakes

507973620Analyzed
1v1 RM · 13d ago on Sep 20, 2026· 49m 1s· 2 players
Game mode
Random Map
Map size
Tiny (2 player)
Population
200
Speed
Normal
Resources
Standard
Victory
Conquest
Starting age
Dark Age
Ending age
Imperial Age
RankedLock teamsTeams togetherTeam positionsShared explorationLock speedFull tech treeHidden civsTurbo modeCheats
Victory
Defeat
🇳🇱 Goths · Netherlands
919
+16
🇫🇷 Khmer · France
927
-16
Crazy_Owl
10:55 Feudal Age
11:22 Horse Collar
11:28 Double-Bit Axe
13:18 Wheelbarrow
13:39 Fishing Lines
17:12 Castle Age
19:01 Gillnets
19:33 Scale Mail Armor
19:44 Forging
19:25 Fletching
20:58 Bow Saw
20:52 Pikeman
26:45 Squires
27:12 Bodkin Arrow
27:55 Chain Mail Armor
33:01 Heavy Plow
34:44 Gold Mining
35:40 Hand Cart
35:15 Loom
39:29 Imperial Age
38:20 Iron Casting
37:48 Padded Archer Armor
38:49 Anarchy
39:08 Man-at-Arms
39:37 Halberdier
40:42 Conscription
39:47 Long Swordsman
40:14 Elite Skirmisher
41:59 Blast Furnace
40:59 Bracer
41:15 Leather Archer Armor
40:24 Two-Handed Swordsman
40:58 Champion
48:40 Chemistry
48:01 Ballistics
Ashitaka
11:23 Feudal Age
9:42 Loom
11:27 Feudal Age
14:33 Castle Age
13:06 Double-Bit Axe
15:55 Bloodlines
17:20 Scale Barding Armor
24:01 Bow Saw
26:57 Forging
30:21 Chain Barding Armor
30:37 Horse Collar
37:42 Heavy Plow
42:13 Imperial Age
42:12 Tusk Swords
42:15 Husbandry
43:17 Wheelbarrow
43:20 Conscription
43:45 Elite Ballista Elephant
44:42 Light Cavalry
47:05 Fletching
47:16 Padded Archer Armor
47:41 Hand Cart
Connection lost

Rejoining the realm…

Still unreachable

The connection could not be restored.

Session expired

The server has moved on; the page needs a fresh start.